Cogmind - Beta 14 @@@ ROGUE MODE // 2024.08.25 @ 03:07:29 Player: Zaros426 Result: Destroyed by D-53 Grenadier with Mini Grenade Launcher Performance ------------- Evolutions (0) 0 Regions Visited (2) 400 Robots Destroyed (27) 135 Value Destroyed (396) 396 Prototype IDs (3) 60 Alien Tech Used (0) 0 Bonus (-66) -66 TOTAL SCORE: 925 Bonus ------- Friendly Fire -66 Cogmind --------- Core Integrity 0/250 Matter 268/300 Energy 100/100 System Corruption 0% Temperature Cool (0) Movement Rolling (200) Ox8 Location -10/Mines Parts ------- > --- POWER (1) -------- (None) > --- PROPULSION (2) --- Wheel > --- UTILITY (2) ------ Huge Storage Unit Seismic Detector > --- WEAPON (2) ------- Assault Rifle > --- INVENTORY (25) --- Light Treads Light Treads Structural Scanner Signal Interpreter Signal Interpreter Signal Interpreter Improved Terrain Scanner Assault Rifle Grenade Launcher Datajack Mining Laser Peak State ------------ > --- POWER ------------ Light Ion Engine > --- PROPULSION ------- Hover Unit Hover Unit > --- UTILITY ---------- Small Storage Unit Medium Storage Unit > --- WEAPON ----------- Assault Rifle Assault Rifle > --- INVENTORY -------- Light Treads Light Treads Signal Interpreter Improved Terrain Scanner Seismic Detector EM Pulse Gun Grenade Launcher Mining Laser [Rating: 8] Favorites ----------- Power Light Ion Engine Engine Light Ion Engine Propulsion Wheel Treads Light Treads Wheel Wheel Hover Unit Hover Unit Utility Seismic Detector Device Seismic Detector Storage Huge Storage Unit Weapon Assault Rifle Energy Gun EM Pulse Gun Ballistic Gun Assault Rifle Launcher Grenade Launcher Special Weapon Mining Laser Build | -11 -10 -10 ------- Run | Yrd Mat Min Slots Evolved . | . . . Power . | . . . Propulsion . | . . . Utility . | . . . Weapon . | . . . Parts Attached 39 | 7 22 10 Power 2 | 1 . 1 Engine 2 | 1 . 1 Core . | . . . Reactor . | . . . Propulsion 18 | 2 12 4 Treads 8 | . 6 2 Leg . | . . . Wheel 8 | 2 4 2 Hover 2 | . 2 . Flight . | . . . Utility 5 | 2 3 . Device 2 | 1 1 . Storage 3 | 1 2 . Processor . | . . . Hackware . | . . . Protection . | . . . Artifact . | . . . Weapon 14 | 2 7 5 Energy Gun 4 | . 3 1 Energy Cannon . | . . . Ballistic Gun 8 | 2 3 3 Ballistic Cannon . | . . . Launcher 1 | . . 1 Special Weapon 1 | . 1 . Impact Weapon . | . . . Slashing Weapon . | . . . Piercing Weapon . | . . . Special Melee Weapon . | . . . Unidentified Prototypes . | . . . Parts Lost 9 | . 2 7 Power 2 | . 1 1 Propulsion 3 | . . 3 Utility . | . . . Weapon 4 | . 1 3 Highest Loss Streak 4 | . 2 4 To Critical Strikes . | . . . Average Slot Usage (%) 96 | . 97 96 Engine 11 | . 12 11 Treads 9 | . 13 6 Wheel 17 | . 11 21 Hover 1 | . 2 . Device 13 | . 12 14 Storage 14 | . 14 14 Energy Gun 5 | . 3 6 Ballistic Gun 17 | . 22 14 Launcher 4 | . . 7 Peak Build Rating 8 | 7 8 8 Average Rating 7 | 6 7 7 On Entrance 4 | . 7 7 Naked Turns . | . . . Heaviest Build 89 | 13 88 89 Greatest Support 40 | 26 40 40 Greatest Overweight (x) 8 | . 4 8 Average Overweight (x) 2 | . . 4 Largest Inventory Capacity 25 | 8 25 25 Average Capacity 19 | 7 12 25 Most Carried 13 | 5 13 13 Average Carried 9 | 3 8 11 Final Capacity 25 | 8 25 25 Final Carried 12 | 5 12 11 Class Distribution -------------------- 78% | Mutant 21% | Scavenger-Mutant Dominant Class ---------------- Mutant | -10/Materials Mutant | -10/Mines Resources | -11 -10 -10 ----------- Run | Yrd Mat Min Matter Collected 938 | 336 265 337 Remotely . | . . . Salvage Created 695 | 189 250 256 Parts 53 | 21 16 16 Haulers Intercepted 1 | . 1 . Recyclers Shooed . | . . . Parts Field Recycled . | . . . Retrieved Matter . | . . . Parts Self-Destructed . | . . . Prevented . | . . . Kills | -11 -10 -10 ------- Run | Yrd Mat Min Combat Hostiles Destroyed 18 | . 6 12 Guns 12 | . 4 8 AOE 6 | . 2 4 Classes Destroyed 9 | 2 4 3 Worker 2 | . . 2 Builder 1 | . . 1 Tunneler 7 | 5 . 2 Hauler 1 | . 1 . Recycler 1 | 1 . . Watcher 1 | . 1 . Swarmer 9 | . 3 6 Grunt 5 | . 3 2 Assembled 4 | . . 4 Best Kill Streak 4 | 4 3 3 Combat Bots Only 3 | . 3 3 Max Kills in Single Turn 2 | 1 1 2 Gunslinging 1 | . . 1 Exploded 2 | . 1 2 Melee . | . . . Uniques/NPCs Destroyed . | . . . Combat | -11 -10 -10 -------- Run | Yrd Mat Min Hostile Shots Fired 81 | . 22 59 Missed 17 | . 5 12 Damage Taken 1004 | . 268 736 Core 265 | . 66 199 Absorbed by Shields . | . . . Core Remaining (%) 100 | 100 . . Volleys Fired 85 | 11 28 46 Largest 2 | 2 2 2 Hottest 100 | 40 100 40 Shots Fired 154 | 22 53 79 Gun 148 | 22 52 74 Cannon . | . . . Launcher 5 | . . 5 Special 1 | . 1 . Kinetic 125 | 22 37 66 Thermal 1 | . 1 . Explosive 5 | . . 5 Electromagnetic 23 | . 15 8 Robot Hit Streak 6 | 6 5 6 Robot Miss Streak 8 | 2 7 8 Penetration Max . | . . . Secondary Targets 1 | . . 1 Max Gunslinging Chain 1 | . . 1 Shots Hit Robots 70 | 11 26 33 Core Hits 44 | 7 12 25 Critical Kills . | . . . Critical Parts Destroyed . | . . . Critical Strikes 1 | . 1 . Corrupt 1 | . 1 . Melee Attacks . | . . . Impact . | . . . Slashing . | . . . Piercing . | . . . Sneak Attacks . | . . . Combat Hostiles . | . . . Follow-up Attacks . | . . . Damage Inflicted 1391 | 143 542 706 Guns 1000 | 143 390 467 Cannons . | . . . Explosions 391 | . 152 239 Melee . | . . . Ramming . | . . . Kinetic 785 | 143 236 406 Thermal 152 | . 152 . Explosive 239 | . . 239 Electromagnetic 215 | . 154 61 Impact . | . . . Slashing . | . . . Piercing . | . . . Highest Corruption . | . . . Average Corruption . | . . . Corruption Purged . | . . . Corruption Blocked . | . . . Overload Shots . | . . . Overflow Damage 21 | . 13 8 Projectiles . | . . . Explosions 21 | . 13 8 Melee . | . . . Knockbacks . | . . . Impact . | . . . Kinetic . | . . . Secondary . | . . . Self-Inflicted Damage 56 | . 56 . Shots 2 | . 2 . Rammed . | . . . Targets Rammed . | . . . Kicked . | . . . Crushed . | . . . Highest Temperature 106 | . 106 . Average Temperature 41 | . 41 . Received Heat Transfer 129 | . 105 24 Siege Activations . | . . . Robots Corrupted . | . . . Combat Hostiles . | . . . Parts Fried 1 | . . 1 Impact Corruptions . | . . . Robots Melted . | . . . Combat Hostiles . | . . . Parts Melted . | . . . Heat Transferred 200 | . 200 . Parts Sabotaged . | . . . Parts Stolen . | . . . Parts Stripped . | . . . Power Chain Reactions 2 | . 2 . Alert | -11 -10 -10 ------- Run | Yrd Mat Min Peak Influence 165 | 30 165 154 Initial 19 | . 19 18 Average 53 | 12 74 44 Maximum Alert Level . | . . . Low Security (%) 100 | 100 100 100 Level 1 . | . . . Level 2 . | . . . Level 3 . | . . . Level 4 . | . . . Level 5 . | . . . High Security . | . . . Max Security . | . . . Squads Dispatched 2 | . 2 . Investigation 2 | . 2 . Extermination . | . . . Reinforcement . | . . . Assault . | . . . Garrison . | . . . Intercept . | . . . Searches Triggered . | . . . Construction Impeded . | . . . Haulers Reinforced . | . . . Active Scanning Responses . | . . . Cargo Convoy Interrupts . | . . . Stealth | -11 -10 -10 --------- Run | Yrd Mat Min Distress Signals . | . . . Communications Jammed . | . . . Distress Signals . | . . . Times Spotted 28 | . 12 16 Peak Tracking Total 6 | . 4 6 Tactical Retreats . | . . . Traps | -11 -10 -10 ------- Run | Yrd Mat Min Traps Triggered . | . . . Indirectly . | . . . Trap Hack Attempts . | . . . Triggered . | . . . Disarmed . | . . . Reprogrammed . | . . . Reused . | . . . Traps Extracted . | . . . Installed . | . . . Triggered . | . . . Machines | -11 -10 -10 ---------- Run | Yrd Mat Min Machines Disabled 3 | . . 3 Max in Single Turn 2 | . . 2 Machines Repaired . | . . . Machines Dismantled . | . . . Machines Sabotaged . | . . . Overloaded Fab Kills . | . . . Hacking | -11 -10 -10 --------- Run | Yrd Mat Min Machines Accessed 8 | . 8 . Terminals 8 | . 8 . Fabricators . | . . . Repair Stations . | . . . Recycling Units . | . . . Scanalyzers . | . . . Garrison Access . | . . . Total Hacks 19 | . 19 . Successful 8 | . 8 . Failed 11 | . 11 . Catastrophic 1 | . 1 . Database Lockouts . | . . . Manual 10 | . 10 . Terminals 19 | . 19 . Fabricators . | . . . Repair Stations . | . . . Recycling Units . | . . . Scanalyzers . | . . . Garrison Access . | . . . Terminal Hacks 6 | . 6 . Prototype ID Bank 2 | . 2 . Level Access Points 1 | . 1 . Terminal Index 1 | . 1 . Locate Traps 1 | . 1 . Zone Layout 1 | . 1 . Fabricator Hacks . | . . . Repair Station Hacks . | . . . Recycling Unit Hacks . | . . . Scanalyzer . | . . . Garrison Access Hacks . | . . . Unauthorized Hacks 2 | . 2 . Terminals 2 | . 2 . Botnet 2 | . 2 . Fabricators . | . . . Repair Stations . | . . . Recycling Units . | . . . Scanalyzers . | . . . Garrison Access . | . . . Data Cores Recovered . | . . . Used . | . . . Hacking Detections 8 | . 8 . Full Trace Events 2 | . 2 . Feedback Events . | . . . Feedback Blocked . | . . . Robot Schematics Acquired . | . . . Robots Built . | . . . Authchips . | . . . Time . | . . . Total Robot Build Rating . | . . . Part Schematics Acquired . | . . . Parts Built . | . . . Authchips . | . . . Time . | . . . Total Part Build Rating . | . . . Parts Repaired . | . . . Time . | . . . Parts Recycled . | . . . Recycled Matter . | . . . Retrieved Matter . | . . . Retrieved Components . | . . . Parts Scanalyzed . | . . . Part Schematics Acquired . | . . . Parts Damaged . | . . . Bothacking | -11 -10 -10 ------------ Run | Yrd Mat Min Used RIF Installer . | . . . Robots Hacked . | . . . Non-combat . | . . . Combat . | . . . Robot Hacks Applied . | . . . Relay Couplers Released . | . . . Fabnet Peak Effective % . | . . . Robots Rewired . | . . . Allies Hacked . | . . . Hacks Repelled . | . . . Allies | -11 -10 -10 -------- Run | Yrd Mat Min Total Allies 3 | . . 3 Largest Group 3 | . . 3 Highest-Rated Group 40 | . . 40 Highest-Rated Ally 16 | . . 16 Total Orders . | . . . Ally Attacks 21 | . . 21 Total Damage 119 | . . 119 Kills 2 | . . 2 Allies Corrupted . | . . . Allies Melted . | . . . Intel | -11 -10 -10 ------- Run | Yrd Mat Min Robot Analysis Total . | . . . Derelict Logs Recovered 2 | . . 2 Drone Launches . | . . . Drone Recoveries . | . . . Exploration | -11 -10 -10 ------------- Run | Yrd Mat Min Turns Passed 1992 | 141 767 1084 Spaces Moved 1187 | 105 513 569 Core 4 | 4 . . Treads 242 | . 203 39 Legs . | . . . Wheels 873 | 101 242 530 Hover 68 | . 68 . Flight . | . . . Fastest Speed 50 | 50 56 140 Average Speed 139 | 88 121 164 Slowest Speed 320 | 90 320 320 Overloaded Moves . | . . . Propulsion Burnouts . | . . . Robots Hopped . | . . . Cave-ins Triggered . | . . . Exploration Rate (%) 56 | 4 82 83 Regions Visited 2 Branch Regions 1 Pre-discovered Areas 1 | . . 1 Known Exits Taken . | . . . Unknown Exits Taken 2 | 1 1 . Scrap Searched 1 | . . 1 Spaces Dug 1 | . 1 . Terrain Destroyed 46 | . 8 38 Melee . | . . . Projectile 1 | . 1 . AOE 45 | . 7 38 Terrain Rammed . | . . . Walls Destroyed . | . . . Machines Disabled . | . . . Actions | -11 -10 -10 --------- Run | Yrd Mat Min Total 1357 | 128 595 634 Wait 18 | . 12 6 Move 1185 | 104 512 569 Hop . | . . . Pick Up 21 | 6 12 3 Fast Attach 10 | 6 3 1 Attach 7 | 1 2 4 Detach 1 | . 1 . Swap 22 | . 17 5 Drop 8 | . 8 . Fire 85 | 11 28 46 Melee . | . . . Ram . | . . . Kick . | . . . Crush . | . . . Escape Stasis . | . . . Rewire . | . . . Trap . | . . . Miscellaneous . | . . . Route ------- -11/Scrapyard -10/Materials (discovered 4 exits: *Mat x3 / [*Min]) -10/Mines (discovered 3 exits: *Mat x2 / [*Exi]) History --------- Turn | Location | Event 22 | -11/Scrapyard | Discovered new exit (range 15) 142 | -11/Scrapyard | Entered Materials 237 | -10/Materials | Discovered new exit (range 5) 305 | -10/Materials | Build established: Mutant 423 | -10/Materials | Discovered new exit (range 10) 614 | -10/Materials | Identified exit to Materials 665 | -10/Materials | Discovered new exit (range 6) 909 | -10/Materials | Entered Mines 922 | -10/Mines | Met a Derelict bent on vengeance 929 | -10/Mines | Assembled infested the area 936 | -10/Mines | Assisted by bots powering up and referring to "LRC-V3" 1012 | -10/Mines | Lost 3 allies 1012 | -10/Mines | Core integrity fell below 50% 1059 | -10/Mines | Learned location of Storage (-8) 1127 | -10/Mines | Discovered exit to Materials (range 8) 1206 | -10/Mines | Learned location of 1 exit from Materials 1629 | -10/Mines | Learned 4 Materials zone layouts 1631 | -10/Mines | Discovered exit to Materials (range 8) 1845 | -10/Mines | Deemed a non-threat by the Exiles lab entrance 1845 | -10/Mines | Discovered new exit (range 5) 1871 | -10/Mines | Build established: Scavenger-Mutant 1992 | -10/Mines | Core integrity fell below 20% 1993 | -10/Mines | Destroyed by D-53 Grenadier with Mini Grenade Launcher Last Messages --------------- 01968_ U-05 Engineer lays Concrete. 01972_ U-05 Engineer builds a Wall. 01976_ U-05 Engineer lays Concrete. 01978_ U-05 Engineer builds a Wall. 01979_ U-05 Engineer lays Concrete. 01979_ Laser Drill disabled. 01979_ Plasma Injector explodes. 01980_ U-05 Engineer lays Concrete. 01985_ EM Pulse Gun destroyed. 01985_ U-05 Engineer destroyed. 01986_ U-05 Engineer lays Concrete. 01986_ Lgt. Ion Engine destroyed. 01987_ U-05 Engineer lays Concrete. 01988_ Wheel destroyed. 01989_ U-05 Engineer lays Concrete. 01989_ K-01 Serf collects debris. 01990_ U-05 Engineer lays Concrete. 01990_ U-05 Engineer destroyed. 01991_ Assault Rifle destroyed. 01992_ K-01 Serf collects debris. Map ----- +----------------------------------------------------+ | ?????????# ### #???####???# #?????????????? | | ?????????# !#?### ###### # # #????????????? | | ?????????##### ### ### # #???????????? | | ???????????## ## ## ######??????????? | | ??????????## #### # ! # #?????????? | | ##???????## ##??#### #### # #?????????? | | ##???#### ## #??????# ##?# #? #######??? | | ##### ### #?????? #??# #? # ##?? | | ##?# #??########## ### #?? | | # ##??# #?## < #?? | | ## ##???# ### % % % #??? | | ?## ## #????# %##### ###??? | | ### #######????# ## ## ## #????? | | ## = ##?????????# ### #### #????? | | # ##????#?#???# #?## #?## #????? | | # ! ##???##;#;??# #??### ##??## #????? | | ## ###??## ?# #????## ##????## #????? | | ### ####??#; ;# #??#######??????## ##???? | | ### ##????#; k# #### ##????????## ##??? | | ## #????#; ;|## #####?????# #??? | | #????#; %## ##????# #??? | | ##????#; * ##???## #??? | | ###??????# #????# #??? | | ##????????# #????# ##?? | | #####?????# ?# ##???## ##? | | ##????# ??# @ ##???## #? | | #????# ???# ##???## #? | | #????###????# #???## #? | | ##???????????## ##???# #? | | ###?????????????## #????# ##? | | ##????????????????##### #???# ####?? | | ##?????????????????????##d ??# ##???? | | ####??????????????????????? d ?## ##??? | | #?????????????????????????? #?### ##?? | | #??????????????????????????## ##???## #?? | | ##??????????????????????????## ##????## #?? | | #????????????????????????????# ######## #?? | | ##??????????????????????#####?###?# ##?? | | ##?????????????????????# ##????# ### ##??? | | #?????????????????????# ###??# #?# ##???? | | #?????????????????????# ##?# #?# #????? | | #?????????????????????## ### ####= #????? | | #??????????????????????## [ = * #????? | | #???????????????????????# ####### #????? | | ## ###?????????????????????## ##?????# #????? | | ?# ##?????????????????????######??????# #????? | | ?### #?????????????????????????????##### ####?? | | ??## ##?????????????????????????????# #?? | | ??# #??????????????????????????????# #?? | | ??# ##??????????????????????????????# """ """ #?? | +----------------------------------------------------+ Best States ------------- Heat Dissipation 25 Energy Generation 10 Energy Capacity 125 Matter Stores 300 Matter Capacity 300 Sight Range 16 Terrain Scan Density 10 Evasion (%) 53 Recoil Reduction 2 Item Schematics ----------------- None Robot Schematics ------------------ None Fabricated ------------ Nothing Alien Tech Used ----------------- None Achievements -------------- None Challenges ------------ None Game ------ Seed DamperNuclearSpear Manual? 0 Play Time 00:15:20 Cumulative 30.1 hours Start 2024.08.25 @ 02:53:42 End 2024.08.25 @ 03:07:29 Sessions 1 Manual Loads 0 Difficulty Rogue Special Mode None Game No. 18 Rogue 18 Adventurer 0 Explorer 0 Win Type - Total 0 Types 0/0/0/0/0/0/0/0/0 Lore% 29 Gallery% 40 Achievement% 37 Wizard Run 0 Options --------- Layout 0 ASCII 0 Keyboard 0 Movement Mouse Keybinds 0 Fullscreen 1 Font 24/Smallcaps Map View 183x50 Zoom Use 0% Tactical HUD 1 Map Filters NONE Filters NONE Steam 0 RUN: 84e34add-6ae4-4b3a-b08c-ba2dde80ac2a